 Dungeon Crawl Stone Soup version 0.24-a0-520-g8fd06ad0bc (webtiles) character file.

Game seed: 16625441878769346656

12645 Froggeryz the Severer (level 11, -15/148 HPs)
             Began as a Minotaur Berserker on July 26, 2019.
             Was a High Priest of Trog.
             Demolished by an ice devil (22 damage)
             ... in an ice cave.
             The game lasted 00:21:15 (10388 turns).

Froggeryz the Severer (Minotaur Berserker)         Turns: 10388, Time: 00:21:15

Health: -15/148    AC: 11    Str: 28    XL:     11   Next: 65%
Magic:  10/10      EV: 12    Int:  7    God:    Trog [*****.]
Gold:   450        SH:  0    Dex: 12    Spells: 10/10 levels left

rFire    . . .     SeeInvis +   L - +4 battleaxe (vamp)
rCold    . . .     Gourm    .   (shield currently unavailable)
rNeg     . . .     Faith    .   i - +3 ring mail "Nuluixech" {rCorr Int+3 Stlth+}
rPois    .         Spirit   .   (helmet restricted)
rElec    .         Reflect  .   (no cloak)
rCorr    +         Harm     .   b - +0 pair of gloves
MR       .....                  (no boots)
Stlth    ..........             B - amulet of regeneration
HPRegen  0.74/turn              d - ring of see invisible
MPRegen  0.12/turn              (no ring)

@: berserking, very quick
A: retaliatory headbutt, horns 2
a: Berserk, Trog's Hand, Brothers in Arms, Renounce Religion


You were in an ice cave.
You worshipped Trog.
Trog was extremely pleased with you.
You were not hungry.

You visited 1 branch of the dungeon, and saw 11 of its levels.
You also visited: Ice Cave.

You collected 666 gold pieces.
You spent 216 gold pieces at shops.

Inventory:

Hand Weapons
 a - a +1 hand axe
 s - a +1 whip of electrocution
 L - a +4 vampiric battleaxe (weapon)
Missiles
 m - 6 datura-tipped darts
 p - 56 poisoned darts
 t - 6 silver javelins
 z - 6 curare-tipped darts (quivered)
 G - 4 atropa-tipped darts
Armour
 b - a +0 pair of gloves (worn)
 i - the +3 ring mail "Nuluixech" (worn) {rCorr Int+3 Stlth+}
   (You bought it in a shop on level 9 of the Dungeon)

   It affects your intelligence (+3).
   It provides partial protection from all sources of acid and corrosion.
   It makes you more stealthy.
 y - a +2 plate armour of fire resistance
 D - a +0 robe of fire resistance
 E - a +2 leather armour of magic resistance
 I - the +3 scale mail "Yxytuarig" {rN+}
   (You found it on level 9 of the Dungeon)

   It protects you from negative energy.
Jewellery
 d - a ring of see invisible (left hand)
 B - an amulet of regeneration (around neck)
Wands
 h - a wand of scattershot (4)
 l - a wand of iceblast (12)
 o - a wand of random effects (1)
 H - a wand of acid (5)
 K - a wand of paralysis (5)
Scrolls
 e - 4 scrolls of teleportation
 j - 4 scrolls of identify
 k - 3 scrolls of enchant armour
 q - a scroll of remove curse
 r - a scroll of fear {unknown}
 u - 2 scrolls of enchant weapon
Potions
 f - a potion of berserk rage
 g - 2 potions of heal wounds
 n - 2 potions of resistance
 v - 3 potions of curing
 w - 2 potions of brilliance
 x - 2 potions of lignification
 A - a potion of cancellation {unknown}
 C - 2 potions of mutation {unknown}
 F - a potion of might {unknown}
 J - a potion of invisibility
Comestibles
 c - 24 rations


   Skills:
 + Level 9.7 Fighting
 * Level 16.9 Axes
 - Level 10.6 Armour
 - Level 2.1 Dodging


You had 10 spell levels left.
You didn't know any spells.
Your spell library contained the following spells:

 Spells                   Type           Power        Failure   Level  Hunger
 Animate Skeleton         Necr           N/A          54%         1    ##.....
 Corona                   Hex            #......      54%         1    ##.....
 Pain                     Necr           #...         54%         1    ##.....
 Ensorcelled Hibernation  Hex/Ice        #.....       67%         2    ###....
 Confuse                  Hex            #.......     88%         3    ####...
 Dazzling Spray           Conj/Hex       #.....       88%         3    ####...
 Regeneration             Chrm/Necr      #.........   88%         3    ####...
 Tukima's Dance           Hex            #.......     88%         3    ####...
 Vampiric Draining        Necr           #.........   88%         3    ####...
 Animate Dead             Necr           N/A          99%         4    #####..


Dungeon Overview and Level Annotations

Branches:
Dungeon (11/15)            Temple (0/1) D:4             Orc (0/2) D:9
   Lair: D:8-11

Altars:
Ashenzari
Dithmenos
Kikubaaqudgha
Makhleb
Nemelex Xobeh
Qazlal
Ru
Trog
Vehumet
Wu Jian
Xom
Zin
The Shining One

Shops:
D:5 (   D:9 [   D:11 =


Innate Abilities, Weirdness & Mutations

You reflexively headbutt those who attack you in melee.
You have a pair of horns on your head.


Message History

* * * LOW HITPOINT WARNING * * *
The ice devil freezes you!
* * * LOW HITPOINT WARNING * * *
You closely miss the ice devil.
The ice devil is moderately wounded.
You closely miss the ice devil. You closely miss the ice devil.
The ice devil is moderately wounded.
You barely miss the ice devil. The ice devil closely misses you.
You furiously retaliate!
You headbutt the ice devil! The ice devil barely misses you.
You slice the ice devil!!
The ice devil is almost dead.
You hit the ice devil. You barely miss the ice devil.
Your headbutt misses the ice devil.
The ice devil is moderately wounded.
You closely miss the ice devil. The ice devil hits you!
* * * LOW HITPOINT WARNING * * *
The ice devil freezes you!!
You die...

..≈§☼# ○§§§§## §
.4§.°# ☼. .☼§§####..#
.§☼.....## §§....○..
##§......# # ###4..#
### ##.@4### ####..
##...###########.....
##...##)..##.....§...#
#..###).........≈.#.##
#...##.....##..######
##..####....##...#
###...###.###...#
##....###....##
###........##


You could see 2 ice devils.

Vanquished Creatures
  Pikel (D:6)
  A cyclops (D:11)
  A manticore (D:11)
  4 gargoyles (D:9)
  2 rime drakes (D:11)
  2 ice statues (IceCv)
  A kobold demonologist (D:11)
  3 ice devils (IceCv)
  A merfolk (D:9)
  A troll (D:9)
  Grinder (D:6)
  A hippogriff (D:9)
  Sigmund (D:6)
  The ghost of Dwachs the Firebug, an amateur DEFE (D:5)
  3 yaks (D:11)
  3 wyverns
  A hungry ghost (D:7)
  Menkaure (D:5)
  Edmund (D:5)
  Duvessa (D:7)
  A water moccasin (D:9)
  2 acid dragons (D:11)
  A black bear (D:9)
  4 slaves (D:6)
  6 orc warriors
  A phantom (D:9)
  A sky beast (D:8)
  6 ice beasts
  4 centaurs
  A crocodile (D:9)
  4 ogres
  2 big kobolds (D:11)
  7 bullfrogs
  A wyvern zombie (D:9)
  A wyvern skeleton (D:9)
  Dowan (D:7)
  6 scorpions
  6 killer bees (D:6)
  An electric eel (D:11)
  3 howler monkeys
  2 crimson imps (D:6)
  2 jellies
  2 quasits
  A gnoll shaman (D:7)
  A bullfrog zombie (D:8)
  4 hounds
  2 centaur skeletons
  10 orc priests
  13 orc wizards
  2 bullfrog skeletons
  7 iguanas
  9 worker ants
  2 bullfrog simulacra (D:11)
  2 hound skeletons
  2 worker ant zombies
  Robin (D:3)
  8 gnolls
  A howler monkey skeleton (D:7)
  9 adders
  A shadow imp (D:9)
  7 white imps
  6 ufetubi (IceCv)
  2 adder zombies
  An adder skeleton (D:6)
  A worm (D:3)
  3 leopard geckos
  31 orcs
  A ball python (D:3)
  A giant cockroach (D:2)
  19 goblins
  6 hobgoblins
  8 jackals
  10 kobolds
  5 quokkas
  9 bats
  8 frilled lizards
  A giant cockroach zombie (D:6)
  A leopard gecko skeleton (D:4)
  A quokka zombie (D:6)
  3 rats
295 creatures vanquished.

Vanquished Creatures (others)
  5 white imps (IceCv)
  An ufetubus (IceCv)
  2 kobolds (D:11)
8 creatures vanquished.

Grand Total: 303 creatures vanquished

Notes
Turn   | Place    | Note
-------+----------+-------------------------------------------
     0 | D:1      | Froggeryz the Minotaur Berserker began the quest for the
                  | Orb.
     0 | D:1      | Reached XP level 1. HP: 19/19 MP: 0/0
    16 | D:1      | Reached skill level 4 in Axes
    57 | D:1      | Reached XP level 2. HP: 23/27 MP: 1/1
   460 | D:2      | Reached XP level 3. HP: 33/33 MP: 2/2
   463 | D:2      | Reached skill level 5 in Axes
   551 | D:2      | Reached ** piety under Trog
   911 | D:3      | Noticed Robin
   912 | D:3      | Reached XP level 4. HP: 34/41 MP: 3/3
   931 | D:3      | Killed Robin
   932 | D:3      | Reached skill level 6 in Axes
   987 | D:3      | Found a radiant altar of Vehumet.
   994 | D:3      | Reached XP level 5. HP: 28/47 MP: 4/4
   997 | D:3      | Reached skill level 5 in Fighting
  1373 | D:3      | Reached *** piety under Trog
  1644 | D:4      | Reached skill level 7 in Axes
  1664 | D:4      | Reached XP level 6. HP: 28/56 MP: 5/5
  2032 | D:4      | Reached skill level 8 in Axes
  2423 | D:4      | Found a staircase to the Ecumenical Temple.
  2759 | D:5      | Entered Level 5 of the Dungeon
  2805 | D:5      | Reached XP level 7. HP: 23/61 MP: 6/6
  3029 | D:5      | Reached skill level 9 in Axes
  3313 | D:5      | Found Jieh's Weapon Emporium.
  3468 | D:5      | Reached skill level 10 in Axes
  3644 | D:5      | Noticed Edmund
  3652 | D:5      | Killed Edmund
  3791 | D:5      | Found a runed translucent door.
  3827 | D:5      | Noticed Menkaure
  3837 | D:5      | Killed Menkaure
  3837 | D:5      | Reached skill level 11 in Axes
  3837 | D:5      | Reached XP level 8. HP: 13/68 MP: 7/7
  4178 | D:5      | Reached **** piety under Trog
  4312 | D:5      | Noticed Dwachs's ghost (amateur DEFE)
  4353 | D:5      | Killed Dwachs's ghost
  4353 | D:5      | Received a gift from Trog
  4353 | D:5      | Reached skill level 12 in Axes
  4686 | D:6      | Noticed Pikel
  4803 | D:6      | Killed Pikel
  4803 | D:6      | Reached skill level 13 in Axes
  4803 | D:6      | Reached XP level 9. HP: 71/74 MP: 8/8
  4829 | D:6      | Noticed Sigmund
  5202 | D:6      | Found a shadowy altar of Dithmenos.
  5212 | D:6      | Reached skill level 14 in Axes
  5228 | D:6      | Killed Sigmund
  5440 | D:6      | Found a glowing golden altar of the Shining One.
  5994 | D:6      | Noticed Grinder
  6008 | D:6      | Killed Grinder
  6008 | D:6      | Reached skill level 15 in Axes
  6666 | D:7      | Noticed Dowan
  6666 | D:7      | Noticed Duvessa
  6682 | D:7      | Killed Dowan
  6695 | D:7      | Killed Duvessa
  6707 | D:7      | Found a shimmering altar of Xom.
  6744 | D:7      | Found an ornate altar of the Wu Jian Council.
  7032 | D:7      | Found a sacrificial altar of Ru.
  7139 | D:8      | Reached XP level 10. HP: 77/81 MP: 9/9
  7322 | D:8      | Reached ***** piety under Trog
  7507 | D:8      | Reached skill level 16 in Axes
  7727 | D:9      | Found a stormy altar of Qazlal.
  7734 | D:9      | Found a shattered altar of Ashenzari.
  7742 | D:9      | Reached skill level 5 in Armour
  7751 | D:9      | Found a bloodstained altar of Trog.
  7767 | D:9      | Found an ancient bone altar of Kikubaaqudgha.
  7870 | D:9      | Found a burning altar of Makhleb.
  7875 | D:9      | Found a glowing silver altar of Zin.
  7875 | D:9      | Noticed an angel
  7876 | D:9      | Noticed a balrug
  7906 | D:9      | Found a sparkling altar of Nemelex Xobeh.
  7989 | D:9      | Found Avususo's Antique Armour Emporium.
  8029 | D:9      | Bought a slimy ring mail for 216 gold pieces
  8029 | D:9      | Identified the +3 ring mail "Nuluixech" {rCorr Int+3
                  | Stlth+} (You bought it in a shop on level 9 of the Dungeon)
  8101 | D:9      | Noticed a gargoyle
  8111 | D:9      | Killed a gargoyle
  8126 | D:9      | Noticed a gargoyle
  8128 | D:9      | Noticed a gargoyle
  8207 | D:9      | Noticed a gargoyle
  8214 | D:9      | Killed a gargoyle
  8214 | D:9      | Killed a gargoyle
  8217 | D:9      | Killed a gargoyle
  8641 | D:9      | Found a staircase to the Orcish Mines.
  8727 | D:9      | Got a fine scale mail
  8728 | D:9      | Identified the +3 scale mail "Yxytuarig" {rN+} (You found
                  | it on level 9 of the Dungeon)
  8974 | D:10     | Entered Level 10 of the Dungeon
  9019 | D:10     | Reached XP level 11. HP: 94/94 MP: 10/10
  9400 | D:10     | Noticed a skeletal warrior
  9400 | D:10     | Noticed an unseen horror
  9400 | D:10     | Noticed a two-headed ogre
  9596 | D:11     | Paralysed by an orc priest for 6 turns
  9692 | D:11     | Reached skill level 10 in Armour
  9742 | D:11     | Noticed a sun demon
  9757 | D:11     | Received a gift from Trog
  9944 | D:11     | Found Zatsaatwyme's Jewellery Shoppe.
  9997 | D:11     | Found a frozen archway.
 10003 | IceCv    | Entered an ice cave
 10388 | IceCv    | HP: 7/148 [ice devil (11)]
 10388 | IceCv    | Demolished by an ice devil

Levels and vault maps discovered:
D:1:      elethiomel_arrival_shortcut, layout_rooms, patterned_corridor
D:2:      layout_rooms, first_ration
D:3:      layout_basic, lemuel_doored_altar, uniq_robin
D:4:      layout_basic, minmay_temple_entry_from_below_b,
          minmay_misc_feat_encased
D:5:      layout_basic, ebering_ghost_sewer_d, serial_shops, kennysheep_mini,
          minmay_door_square, uniq_menkaure, uniq_edmund
D:6:      layout_gridville, nicolae_tso_swordbearing_angel,
          grunt_dithmenos_smoke_and_mirrors, uniq_pikel, uniq_sigmund,
          uniq_grinder
D:7:      layout_cave_pods, nicolae_ru_awakened_eye,
          nicolae_overflow_crystal_walls, basic_altar, uniq_duvessa
D:8:      layout_loops_ring
D:9:      cheibrodos_statue_roulette, layout_loops_corners,
          grunt_temple_overflow_order_and_chaos_2,
          grunt_temple_overflow_cloverleaf, kennysheep_little_box, orc_0_dummy,
          serial_shops, shop_coins, hangedman_fish_farm
D:10:     layout_loops_ring, lightli_corner_chamber
D:11:     layout_basic, lair_entry_dummy, serial_shops, nicolae_shop_stone,
          serial_ice, serial_ice_b, serial_ice_o, serial_ice_e, serial_ice_f,
          portal_ice_cave_rime, nicolae_lava_and_water,
          kennysheep_generic_room_3
IceCv:    ice_cave_small_demon

Skill      XL: |  1  2  3  4  5  6  7  8  9 10 11 |
---------------+----------------------------------+-----
Axes           | 4 5 6 7 8 11 13 15 16 | 16.9
Fighting       | 4 5 7 9 |  9.7
Armour         | 3 9 10 | 10.6
Dodging        | |  2.1

Action                   |  1- 3 |  4- 6 |  7- 9 | 10-12 || total
-------------------------+-------+-------+-------+-------++-------
Melee: Hand axe          |    76 |   100 |   271 |   285 ||   732
       Headbutt          |    12 |    22 |    57 |    97 ||   188
       Battleaxe         |       |       |       |    79 ||    79
Throw: Dart              |       |       |     6 |     2 ||     8
Invok: Berserk           |       |     2 |    10 |     7 ||    19
       Trog's Hand       |       |       |     1 |     1 ||     2
Evoke: Wand              |       |       |     7 |     3 ||    10
  Use: Scroll            |     4 |     3 |     1 |    11 ||    19
       Potion            |       |     2 |     2 |     1 ||     5
 Stab: Distracted        |       |       |     1 |       ||     1
       Sleeping          |       |       |       |     4 ||     4
       Paralysed         |       |       |       |     2 ||     2
  Eat: Chunk             |       |     7 |    13 |    15 ||    35
       Ration            |       |       |     3 |     1 ||     4
Armor: Animal skin       |     6 |       |       |       ||     6
       Scale mail        |    29 |    34 |    73 |    24 ||   160
       Ring mail         |       |       |       |    81 ||    81
Dodge: Dodged            |    62 |    59 |   100 |   166 ||   387

Table legend:
 A = Non-vault XP
 B = Vault XP
 C = Vault XP percentage of total XP
 D = Non-vault monster count
 E = Vault monster count
 F = Vault count percentage of total count
                 A         B        C        D         E       F
            +---------+---------+-------+---------+---------+-------
      Total |   11063 |    7002 |  38.8 |     240 |      51 |  17.5
            +---------+---------+-------+---------+---------+-------
        D:1 |      36 |       0 |   0.0 |      21 |       0 |   0.0
        D:2 |      50 |       0 |   0.0 |      17 |       0 |   0.0
        D:3 |     130 |      36 |  21.7 |      21 |      12 |  36.4
        D:4 |     408 |       0 |   0.0 |      20 |       0 |   0.0
        D:5 |     798 |     575 |  41.9 |      20 |       5 |  20.0
        D:6 |    1415 |    1138 |  44.6 |      32 |       3 |   8.6
        D:7 |     619 |     226 |  26.7 |      13 |       2 |  13.3
        D:8 |    1025 |       0 |   0.0 |      18 |       0 |   0.0
        D:9 |    2561 |    1885 |  42.4 |      38 |       5 |  11.6
       D:10 |     379 |       0 |   0.0 |       5 |       0 |   0.0
       D:11 |    3642 |    1201 |  24.8 |      35 |       7 |  16.7
      IceCv |       0 |    1941 | 100.0 |       0 |      17 | 100.0
            +---------+---------+-------+---------+---------+-------
